 Dungeon Crawl Stone Soup version 0.26-a0-651-gb41185065b (webtiles) character file.

Game seed: 17807155675441535986

(classic levelgen) 12 EnegeticOcto the Sneak (level 2, 24/27 HPs)
             Began as a Deep Dwarf Delver on Oct 23, 2020.
             Was a Plaything of Xom.
             Quit the game on level 5 of the Dungeon.
             The game lasted 00:01:03 (173 turns).

EnegeticOcto the Sneak (Deep Dwarf Delver)           Turns: 173, Time: 00:01:04

Health: 24/27      AC:  3    Str: 15    XL:     2   Next: 20%
Magic:  2/2        EV: 12    Int: 10    God:    Xom [..*...]
Gold:   17         SH:  0    Dex: 14    Spells: 1/1 levels left

rFire    . . .     SeeInvis .   a - +0 hand axe
rCold    . . .     Faith    .   (no shield)
rNeg     . . .     Spirit   .   b - +0 leather armour
rPois    .         Reflect  .   (no helmet)
rElec    .         Harm     .   (no cloak)
rCorr    .         Rampage  .   (no gloves)
MR       .....                  (no boots)
Stlth    +++.......             (no amulet)
HPRegen  0.00/turn              (no ring)
MPRegen  0.08/turn              (no ring)

@: non-regenerating
A: damage resistance, heal wounds, sense surroundings 1, no regeneration
a: Heal Wounds, Renounce Religion


You were on level 5 of the Dungeon.
You worshipped Xom.
You were a toy of Xom.
You visited 2 branches of the dungeon, and saw 2 of its levels.

You collected 17 gold pieces.

Inventory:

Hand Weapons
 a - a +0 hand axe (weapon)
Missiles
 d - 13 poisoned darts (quivered)
Armour
 b - a +0 leather armour (worn)
Wands
 g - a wand of digging (1) {@v3}
Scrolls
 c - a scroll of fog
 e - a scroll of fear
 h - a scroll of teleportation {unknown}
Potions
 f - 2 potions of haste {@q4}


   Skills:
 - Level 2.6 Fighting
 + Level 3.2 Axes
 - Level 2.1 Dodging
 - Level 6.0 Stealth


You had one spell level left.
You didn't know any spells.
Your spell library was empty.

Dungeon Overview and Level Annotations

Branches:
Dungeon (5/15)             Temple (1/1) D:5

Altars:
Ashenzari
Fedhas
Gozag
Kikubaaqudgha
Nemelex Xobeh
Qazlal
Sif Muna
Uskayaw
Vehumet
Wu Jian
Xom
Yredelemnul
The Shining One

Shops:
D:5 (


Innate Abilities, Weirdness & Mutations

You are resistant to damage.
You can heal yourself by infusing magical energy.
You passively map a small area around you.
You do not regenerate.


Message History

Found a stormy altar of Qazlal.
You see here 13 poisoned darts.
d - 13 poisoned darts You barely miss the adder.
The adder barely misses you.
You barely miss the adder. The adder closely misses you. The adder bites you.
You hit the adder.
The adder is heavily wounded.
The adder completely misses you.
You hit the adder.
The adder is severely wounded.
The adder bites you but does no damage. x2
You barely miss the adder.
The adder is severely wounded.
The adder barely misses you. The adder misses you.
You hit the adder but do no damage.
The adder is severely wounded.
The adder barely misses you.
You hit the adder.
The adder is almost dead.
The adder closely misses you. The adder bites you.
You are poisoned.
The adder poisons you!
You closely miss the adder.
The adder is almost dead.
The adder barely misses you.
You slash the adder!
You kill the adder!
Your Axes skill increases to level 3!
You have reached level 2!
There is an open door, spattered with blood here.
You are no longer poisoned.
Found 17 gold pieces.
You now have 17 gold pieces.
You open the door.
Found a staircase to the Ecumenical Temple.
A quokka comes into view.
There is an open door here.
The quokka bites you.
The quokka bites you but does no damage.
You hit the quokka.
The quokka is severely wounded.
The quokka misses you.
You hit the quokka.
You kill the quokka!
No target in view!
There is a staircase to the Ecumenical Temple here.
You climb downwards.
Welcome to the Ecumenical Temple!
Found a glowing golden altar of the Shining One.
There is a staircase back to the Dungeon here.
You enter the shallow water.
Moving in this stuff is going to be slow.
Found a broken altar of Ashenzari.
You enter the shallow water.
Moving in this stuff is going to be slow.
Found a hide-covered altar of Uskayaw and a sparkling altar of Nemelex Xobeh.
Found an ancient bone altar of Kikubaaqudgha and a shimmering altar of Xom.
You enter the shallow water.
Moving in this stuff is going to be slow.
Found an ornate altar of the Wu Jian Council.
You enter the shallow water.
Moving in this stuff is going to be slow.
Found an opulent altar of Gozag and a blossoming altar of Fedhas.
You enter the shallow water.
Moving in this stuff is going to be slow.
You enter the shallow water.
Moving in this stuff is going to be slow.
You enter the shallow water.
Moving in this stuff is going to be slow.
You enter the shallow water.
Moving in this stuff is going to be slow.
There is a shimmering altar of Xom here.
You kneel at the altar of Xom.
Xom welcomes you!
You enter the shallow water.
Moving in this stuff is going to be slow.
You enter the shallow water.
Moving in this stuff is going to be slow.
You enter the shallow water.
Moving in this stuff is going to be slow.
There is a staircase back to the Dungeon here.
You climb upwards.
There is a staircase to the Ecumenical Temple here.
You open the door.
There is an open door here.
A leopard gecko comes into view.
Found a basalt altar of Yredelemnul.
A centaur zombie comes into view.
Found a robe.
The leopard gecko hisses angrily.
The leopard gecko bites you but does no damage.
You hit the leopard gecko but do no damage.
Xom grants you insight.
You detect nothing.
The leopard gecko bites you.
You hit the leopard gecko.
The leopard gecko is heavily wounded.
The leopard gecko bites you. The leopard gecko misses you.
You hit the leopard gecko.
You kill the leopard gecko!
No target in view!
Are you sure you want to abandon this character and quit the game? (Confirm with "yes".)

****,*,,,,*, *,,,,,,**,*,
########### *,,,,,,,*,*,
#.........# *,,,,,,,*,*,
*****###.........###,,,,,,,*,*,
*,,,,,[............,,,,,,,,*,*,
*,***###.........#**,,,,,*,,,*,
*,* *Z.........†.#,,,,,,,,,,**,
*,*****#......@..#,*,,,,,,,,,,,
*,*,,,,#.........#,,,,,,,,,,*,,
*,*..#.#.........##******,***,*
*,*._...............,,<,,,,,,,*
*,*###.#.##.########*****,*****
*,,,,.,#,*#..# *,,,,,,,,
********,###'### *,*,*****
*,#.....###### *,*,*
*,#.....#....# *,*,* ##


There were no monsters in sight!

Vanquished Creatures
  An adder (D:5)
  A leopard gecko (D:5)
  A quokka (D:5)
3 creatures vanquished.

Notes
Turn   | Place    | Note
-------+----------+-------------------------------------------
     0 | D:5      | EnegeticOcto the Deep Dwarf Delver began the quest for the
                  | Orb.
     0 | D:5      | Reached XP level 1. HP: 20/20 MP: 1/1
     4 | D:5      | Found Muemiaps's Antique Weapon Emporium.
    57 | D:5      | Found a radiant altar of Vehumet.
    60 | D:5      | Found a shimmering blue altar of Sif Muna.
    62 | D:5      | Found a stormy altar of Qazlal.
    73 | D:5      | Reached XP level 2. HP: 27/27 MP: 2/2
    98 | D:5      | Found a staircase to the Ecumenical Temple.
   106 | Temple   | Entered the Ecumenical Temple
   138 | Temple   | Became a worshipper of Xom of Chaos
   164 | D:5      | Found a basalt altar of Yredelemnul.
   170 | D:5      | XOM: divination: detect items
   173 | D:5      | Quit the game

Illustrated notes

Levels and vault maps discovered:
D:5:      layout_basic, overflow_temple_1_default,
          grunt_temple_overflow_diamond, temple_green, serial_shops,
          nicolae_shop_crystal, uniq_grinder
Temple:   chequers_temple_sunken

Skill      XL: |  1 |
---------------+----+-----
Axes           | 3 |  3.2
Fighting       | |  2.6
Dodging        | |  2.1
Stealth        | |  6.0

Action                   || total
-------------------------++-------
Melee: Hand axe          ||    14
Evoke: Wand              ||     2
  Use: Scroll            ||     1
Armor: Leather armour    ||     4
Dodge: Dodged            ||    10

Table legend: (Time is in decaauts)
 A = Elapsed time spent in this place.
 B = Non-inter-level travel time spent in this place.
 C = Inter-level travel time spent in this place.
 D = Time resting spent in this place.
 E = Time spent auto-exploring this place.
 F = Levels seen in this place.
 G = Mean time per level.
                   A        B        C        D        E       F      G
               +--------+--------+--------+--------+--------+-----+--------+
         Total |    187 |    187 |      0 |      0 |      0 |   2 |   93.5 |
       Dungeon |    124 |    124 |      0 |      0 |      0 |   1 |  124.0 |
        Temple |     62 |     62 |      0 |      0 |      0 |   1 |   62.0 |
               +--------+--------+--------+--------+--------+-----+--------+

Top non-repeatable levels by time:
     D:5: 124 daAuts
  Temple: 62 daAuts
